 Dungeon Crawl Stone Soup version 0.18.1-48-g4cf74bf (webtiles) character file.

1577 tyranidshit the Fighter (level 8, -5/75 HPs)
             Began as a Demonspawn Abyssal Knight on Sept 8, 2016.
             Was an Elder of Lugonu.
             Slain by a mummy (14 damage)
             ... in an ossuary.
             The game lasted 00:14:17 (4397 turns).

tyranidshit the Fighter (Demonspawn Abyssal Knight) Turns: 4397, Time: 00:14:18

Health: -5/75      AC: 11    Str: 14      XL:     8   Next: 60%
Magic:  9/9        EV: 10    Int: 15      God:    Lugonu [****..]
Gold:   301        SH:  0    Dex:  6 (12) Spells: 0 memorised, 7 levels left

rFire  + + .     SeeInvis .     a - +2 hand axe
rCold  . . .     Gourm    .     d - +1 ring mail "Fizeodd" {+Inv rPois Slay+3 Stlth-}
rNeg   . . .     Faith    .     (no shield)
rPois  +         Spirit   .     (no helmet)
rElec  .         Dismiss  .     e - +2 cloak
rCorr  .         Reflect  .     (no gloves)
SustAt .         Harm     .     (no boots)
MR     .....                    (no amulet)
Stlth  ..........               (no ring)
                                s - ring of protection from fire

@: not resistant to hostile enchantments, extremely unstealthy
A: hooves 1, yellow scales 1, fire resistance 1, nightstalker 1, flame cloud
immunity
a: Depart the Abyss, Bend Space, Banish, Corrupt, Renounce Religion, Evoke
Invisibility


You were in an ossuary.
You worshipped Lugonu.
Lugonu was greatly pleased with you.
You were not hungry.

You visited 2 branches of the dungeon, and saw 10 of its levels.
You visited the Abyss 1 time.
You also visited: Ossuary.

You collected 301 gold pieces.

Inventory:

Hand Weapons
 a - a +2 hand axe (weapon)
Missiles
 f - 4 curare-tipped needles
Armour
 b - a +0 leather armour
 c - a +4 ring mail
 d - the +1 ring mail "Fizeodd" (worn) {+Inv rPois Slay+3 Stlth-}
   (You found it on level 4 of the Dungeon)

   It affects your accuracy and damage with ranged weapons and melee attacks
   (+3).
   It protects you from poison.
   It lets you turn invisible.
   It makes you less stealthy.
 e - a +2 cloak (worn)
 k - a +0 scale mail
Jewellery
 s - a ring of protection from fire (left hand)
Wands
 o - a wand of flame (17/48)
 p - a wand of paralysis (15/24)
Scrolls
 g - a scroll of recharging
 i - 4 scrolls of enchant armour
 j - a scroll of blinking
 n - a scroll of amnesia
Potions
 h - a potion of agility
 l - a potion of lignification
Books
 m - a book of the Tempests

   Spells                             Type                      Level
   a - Static Discharge               Conjuration/Air              3
   b - Lightning Bolt                 Conjuration/Air              5
   c - Fireball                       Conjuration/Fire             5
   d - Tornado                        Air                          9
   e - Shatter                        Earth                        9
Comestibles
 q - 5 meat rations
 r - a slice of pizza
 t - a beef jerky


   Skills:
 + Level 11.1 Fighting
 - Level 1.7 Axes
 - Level 1.7 Armour
 - Level 0.8 Dodging
 - Level 2.4 Invocations


You had 7 spell levels left.
You didn't know any spells.

Dungeon Overview and Level Annotations

Branches:
Dungeon (9/15)             Temple (1/1) D:4            Lair (0/8) D:9
    Orc (0/2) D:9

Altars:
Gozag
Makhleb
Okawaru
Qazlal
Sif Muna
Vehumet


Innate Abilities, Weirdness & Mutations

You have large cloven feet.
You are partially covered in yellow scales (AC +2).
Your flesh is heat resistant.
You are slightly more attuned to the shadows.
You are immune to clouds of flame.


Message History

The mummy is moderately damaged.
You hit the mummy.
The mummy is heavily damaged.
The mummy hits you! The mummy closely misses you.
Unknown command.
You barely miss the mummy.
The mummy is moderately damaged.
You hit the mummy.
The mummy is heavily damaged.
The mummy hits you!
* * * LOW HITPOINT WARNING * * *
The mummy hits you!
* * * LOW HITPOINT WARNING * * *
You barely miss the mummy. You kick the mummy, but do no damage.
The mummy is heavily damaged.
You hit the mummy.
The mummy is heavily damaged.
You completely miss the hobgoblin zombie.
The mummy hits you!
You die...

Z........
.........
#.......
#......
#....#
#....#
#..MM#
#..Z@#
#....#
#....#
#....#
#....#
#.∩∩.#
######


You could see 2 mummies and a hobgoblin zombie.

Vanquished Creatures
  Sigmund (D:4)
  2 sky beasts
  A black bear (D:7)
  2 ogres
  A centaur (D:8)
  A giant frog (D:7)
  4 howler monkeys
  A jelly (D:5)
  2 crimson imps
  A quasit (D:5)
  A centaur zombie (D:8)
  An orc wizard (D:5)
  2 orc priests
  2 hounds
  3 iguanas
  A human skeleton (D:6)
  A worker ant (D:6)
  A hound zombie (D:5)
  A worker ant zombie (D:5)
  10 adders
  3 shadow imps (D:5)
  2 oozes (D:3)
  A worm (D:3)
  3 dart slugs
  A giant gecko (D:2)
  10 orcs
  2 giant cockroaches
  A gnoll zombie (Ossuary)
  7 goblins
  5 hobgoblins
  10 kobolds
  3 ball pythons
  7 bats
  5 giant newts
  2 hobgoblin zombies (Ossuary)
  A kobold zombie (Ossuary)
  2 orc zombies
  A quokka skeleton (D:4)
  6 rats
111 creatures vanquished.

Notes
Turn   | Place    | Note
--------------------------------------------------------------
     0 | Abyss:1  | tyranidshit the Demonspawn Abyssal Knight began the quest for the Orb.
     0 | Abyss:1  | Reached XP level 1. HP: 18/18 MP: 2/2
    80 | Abyss:1  | Noticed a sixfirhy
    84 | Abyss:1  | Noticed a sixfirhy
    85 | D:1      | Escaped the Abyss
   295 | D:1      | Gained mutation: You are partially covered in yellow scales (AC +2). [demonic ancestry]
   295 | D:1      | Reached XP level 2. HP: 14/24 MP: 3/3
   297 | D:1      | Reached * piety under Lugonu
   929 | D:2      | Reached skill level 4 in Fighting
   960 | D:2      | Found an opulent altar of Gozag.
  1039 | D:2      | Gained mutation: Your flesh is heat resistant. [demonic ancestry]
  1039 | D:2      | Reached XP level 3. HP: 27/30 MP: 4/4
  1512 | D:2      | Gained mutation: You have large cloven feet. [demonic ancestry]
  1512 | D:2      | Reached XP level 4. HP: 38/38 MP: 5/5
  1647 | D:3      | Reached skill level 5 in Fighting
  1654 | D:3      | Found a stormy altar of Qazlal.
  1690 | D:3      | Found a burning altar of Makhleb.
  1754 | D:3      | Reached ** piety under Lugonu
  1915 | D:4      | Got a twisted ring mail
  1926 | D:4      | Identified the +1 ring mail "Fizeodd" {+Inv rPois Slay+3 Stlth-} (You found it on level 4 of the Dungeon)
  2030 | D:4      | Found a staircase to the Ecumenical Temple.
  2041 | D:4      | Gained mutation: You are slightly more attuned to the shadows. [demonic ancestry]
  2041 | D:4      | Reached XP level 5. HP: 15/46 MP: 6/6
  2070 | Temple   | Entered the Ecumenical Temple
  2201 | D:4      | Noticed Sigmund
  2224 | D:4      | Killed Sigmund
  2224 | D:4      | Reached skill level 7 in Fighting
  2224 | D:4      | Reached XP level 6. HP: 42/55 MP: 7/7
  2633 | D:3      | Reached skill level 8 in Fighting
  2633 | D:3      | Gained mutation: You are immune to clouds of flame. [demonic ancestry]
  2633 | D:3      | Reached XP level 7. HP: 50/62 MP: 8/8
  2875 | D:3      | Reached *** piety under Lugonu
  2988 | D:5      | Entered Level 5 of the Dungeon
  3075 | D:5      | Found a radiant altar of Vehumet.
  3641 | D:5      | Reached skill level 9 in Fighting
  4086 | D:6      | Reached XP level 8. HP: 55/72 MP: 9/9
  4111 | D:6      | You fall through a shaft for 3 floors!
  4153 | D:8      | Reached skill level 10 in Fighting
  4202 | D:7      | Found a stormy altar of Qazlal.
  4202 | D:7      | Found an iron altar of Okawaru.
  4206 | D:7      | Found a deep blue altar of Sif Muna.
  4273 | D:7      | Reached skill level 11 in Fighting
  4329 | D:6      | Found a sand-covered staircase.
  4334 | Ossuary  | Entered an ossuary
  4392 | Ossuary  | Reached **** piety under Lugonu
  4397 | Ossuary  | Slain by a mummy

Skill      XL: |  1  2  3  4  5  6  7  8 |
---------------+-------------------------+-----
Fighting       | 4 5 7 8 9 11 | 11.1
Axes           | |  1.7
Armour         | |  1.7
Dodging        | |  0.8
Invocations    | |  2.4

Action                   |  1- 3 |  4- 6 |  7- 9 || total
-------------------------+-------+-------+-------++-------
Melee: Hand axe          |   113 |   139 |   258 ||   510
       Kick              |       |    34 |    50 ||    84
Invok: Depart the Abyss  |     1 |       |       ||     1
  Use: Potion            |     4 |       |     2 ||     6
       Scroll            |       |    10 |     5 ||    15
  Eat: Bread ration      |     1 |     1 |     1 ||     3
Armor: Leather armour    |     5 |       |       ||     5
       Scale mail        |    67 |    24 |       ||    91
       Ring mail         |       |    40 |   234 ||   274
Dodge: Dodged            |    87 |    69 |   191 ||   347
